Map: Wolfe Industries Compound

Players

Manta - Winner!

  • Race: Zerg Zerg
  • League: Gold
  • Spawn Location: 12:00

Dallinger - Winner!

  • Race: Terran Terran
  • League: Diamond
  • Spawn Location: 3:00

Natural

  • Race: Zerg Zerg
  • League: Platinum
  • Spawn Location: 7:00

GrEEnEr

  • Race: Protoss Protoss
  • League: Platinum
  • Spawn Location: 7:00

VOD

Have the link to the VOD?

Description

Time

  • Played on: Feb. 20, 2016, 11:28 a.m.
  • Length: 13:27
Show
View Real Time Build Order
Export as new Build Order

Manta Zerg - Winner!

Build Orders: Hatch First 

Get SALT Encoding   

  12  0:01  Drone  
  13  0:14  Overlord  
  13  0:25  Drone  
  14  0:33  Drone  
  14  0:35  Drone  
  16  0:37  Drone  
  17  0:58  Hatchery  
  17  0:59  Drone  
  17  1:15  Extractor  
  17  1:17  Spawning Pool  
  15  1:22  Drone  
  16  1:41  Drone x3  
  19  2:04  Zergling x4  
  21  2:09  Queen  
  21  2:15  Overlord  
  23  2:18  Drone  
  24  2:40  Hatchery  
  23  2:59  Queen  
  23  3:01  Drone x3  
  23  3:04  Drone x2  
  23  3:05  Drone  
  31  3:10  Lair  
  31  3:14  Extractor  
  30  3:21  Drone  
  30  3:22  Drone  
  32  3:29  Extractor  
  31  3:53  Overlord x3  
  31  3:59  Drone x3  
  31  4:02  Overlord x2  
  34  4:11  Queen  
  36  4:18  Drone  
  36  4:19  Drone  
  36  4:22  Spire  
  37  4:33  Drone x4  
  37  4:34  Drone x5  
  37  4:37  Extractor  
  45  4:57  Queen  
  45  4:59  Hatchery  
  46  5:00  Overlord  
  46  5:22  Drone  
  46  5:23  Drone  
  46  5:27  Drone  
  46  5:28  Drone x2  
  51  5:45  Queen  
  51  5:48  Hatchery  
  52  5:52  Mutalisk, Zerg Flyer Armor Level 1  
  52  5:53  Mutalisk x5  
  64  6:05  Drone  
  64  6:06  Drone x3  
  68  6:12  Drone x4  
  72  6:24  Queen  
  74  6:26  Drone  
  74  6:27  Drone x2  
  74  6:28  Drone, Hatchery  
  77  6:35  Mutalisk x2  
  77  6:36  Mutalisk  
  77  6:39  Overlord  
  83  6:40  Drone  
  83  6:42  Drone  
  83  6:43  Drone  
  83  6:45  Drone  
  87  6:49  Extractor  
  87  6:51  Extractor  
  83  7:22  Mutalisk x5  
  85  7:23  Mutalisk x4  
  85  7:24  Zergling x2  
  85  7:26  Overlord x4  
  102  7:45  Queen  
  102  7:48  Hatchery  
  102  7:49  Infestation Pit, Zerg Flyer Weapons Level 1  
  102  8:19  Drone x6  
  111  8:20  Drone x5  
  111  8:22  Extractor  
  111  8:27  Hatchery  
  111  8:29  Drone x3  
  111  8:30  Drone x2, Mutalisk  
  111  8:31  Mutalisk x5  
  129  8:34  Zergling x2  
  129  8:35  Drone, Zergling x4  
  129  8:36  Drone x6  
  129  8:37  Drone x2  
  129  8:39  Overlord x2  
  130  9:15  Mutalisk  
  130  9:16  Mutalisk x6  
  144  9:18  Overlord x2  
  144  9:19  Overlord x3  
  144  9:20  Drone  
  144  9:21  Drone x3  
  148  9:24  Queen  
  148  9:26  Extractor  
  148  9:29  Hatchery  
  136  9:47  Mutalisk  
  136  9:48  Mutalisk x4  
  136  9:51  Drone x3  
  136  9:52  Drone x4  
  153  9:53  Drone  
  154  10:25  Hatchery  
  151  10:46  Overlord, Mutalisk  
  151  10:47  Mutalisk x10  
  143  11:59  Mutalisk x2  
  143  12:00  Mutalisk x14  
  157  12:27  Mutalisk  
  157  12:28  Mutalisk x5  
  170  12:30  Zergling x18  
  170  12:31  Zergling x10  
  179  13:07  Zergling x2  
  179  13:08  Zergling x12  
Show
View Real Time Build Order
Export as new Build Order

Dallinger Terran - Winner!

Build Orders: Bio Tank 

Get SALT Encoding   

  12  0:01  SCV  
  13  0:13  SCV  
  14  0:18  Supply Depot  
  14  0:25  SCV  
  15  0:39  SCV  
  15  0:41  Barracks  
  16  0:46  Refinery  
  16  0:51  SCV  
  17  1:04  SCV  
  18  1:16  SCV  
  19  1:28  Orbital Command  
  19  1:30  Barracks Reactor  
  19  1:45  Command Center  
  19  1:56  Supply Depot  
  19  1:58  SCV  
  20  2:01  Refinery  
  20  2:08  Marine x2  
  22  2:11  SCV  
  23  2:34  Factory  
  23  2:35  SCV  
  24  2:37  Barracks  
  24  2:43  Marine x2  
  26  2:47  SCV  
  27  2:59  Orbital Command, SCV  
  28  3:08  Barracks  
  28  3:11  SCV  
  29  3:19  Starport  
  29  3:20  Factory Tech Lab  
  29  3:25  Barracks Tech Lab  
  29  3:29  Marine x2  
  29  3:30  SCV  
  29  3:32  SCV  
  33  3:45  SCV  
  33  3:46  SCV  
  35  3:50  Bunker  
  35  3:55  Stimpack  
  35  3:58  SCV x2  
  35  4:00  Supply Depot, Starport Reactor  
  35  4:01  Barracks Reactor  
  37  4:07  Siege Tank  
  40  4:10  Refinery, SCV x2  
  40  4:12  Refinery  
  42  4:17  Engineering Bay  
  42  4:22  SCV  
  42  4:23  Supply Depot  
  43  4:28  Supply Depot  
  43  4:29  SCV  
  44  4:34  SCV  
  45  4:41  SCV  
  46  4:46  Missile Turret, SCV  
  46  4:49  Missile Turret  
  46  4:52  Supply Depot  
  47  4:54  SCV  
  47  4:56  Medivac x2  
  47  4:58  SCV  
  56  5:00  Siege Tank  
  56  5:10  Missile Turret  
  56  5:16  Missile Turret  
  56  5:20  Engineering Bay  
  56  5:23  Armory  
  56  5:29  Barracks  
  56  5:30  Barracks  
  56  5:34  Factory, Marine  
  56  5:35  Marine x3  
  60  5:37  Marine  
  61  5:46  Supply Depot  
  61  5:48  Supply Depot  
  61  5:52  Medivac x2  
  65  6:02  SCV  
  66  6:15  Command Center  
  66  6:21  Barracks Reactor x2  
  66  6:25  Terran Infantry Armor Level 1, Terran Infantry Weapons Level 1  
  66  6:27  Terran Vehicle Weapons Level 1  
  66  6:41  Marine x5  
  68  7:23  Marine  
  68  7:24  Siege Tank  
  68  7:25  Factory Tech Lab  
  68  7:26  Medivac x2  
  68  7:27  Marine x5  
  68  7:28  Marine x2  
  83  7:38  SCV  
  83  7:39  Orbital Command  
  83  7:40  SCV  
  85  7:47  Siege Tank  
  85  7:51  SCV  
  89  7:52  Combat Shields, SCV  
  89  7:56  Siege Tank  
  93  8:00  Supply Depot  
  93  8:03  Supply Depot, SCV  
  93  8:04  SCV  
  95  8:06  Supply Depot  
  95  8:07  SCV  
  96  8:15  SCV  
  96  8:16  Missile Turret, SCV  
  96  8:17  Refinery  
  96  8:19  SCV, Siege Tank  
  102  8:21  Refinery  
  102  8:27  SCV  
  102  8:28  Terran Infantry Weapons Level 2, SCV, Terran Infantry Armor Level 2  
  102  8:29  Terran Vehicle Weapons Level 2  
  102  8:31  SCV  
  108  8:34  Medivac, Siege Tank  
  108  8:38  Missile Turret  
  108  8:39  Marine x8, SCV  
  108  8:40  Marine, SCV  
  121  8:43  SCV  
  122  8:51  SCV  
  122  8:52  SCV  
  122  8:55  Supply Depot, SCV  
  124  8:56  Supply Depot, Marine  
  124  8:57  Marine x7  
  124  8:59  Supply Depot  
  124  9:00  Supply Depot  
  133  9:11  Concussive Shells  
  133  9:16  Marine x2  
  114  10:45  Siege Tank x2  
  114  10:46  Medivac x2  
  114  10:47  Marauder, Marine  
  114  10:48  Marine x7  
  134  10:50  Terran Infantry Weapons Level 3  
  132  11:05  Marine x3  
  132  11:06  Marine x5  
  132  11:08  Marauder  
  142  11:17  Siege Tank x2  
  148  11:23  Marine x3  
  140  11:30  Marauder  
  122  11:49  Siege Tank  
  122  11:51  Marauder  
  127  12:01  Marine  
  127  12:02  Marine x7  
  127  12:03  Thor  
  127  12:04  Medivac x2  
  145  12:12  Marauder  
  141  12:19  Marine x4  
  141  12:20  Marine x3  
  141  12:21  Thor  
  149  12:34  Marauder  
  157  12:55  Marauder  
Show
View Real Time Build Order
Export as new Build Order

Natural Zerg 

Build Orders: Hatch First 

Get SALT Encoding   

  12  0:01  Drone  
  13  0:09  Drone  
  14  0:17  Overlord  
  14  0:23  Extractor  
  14  0:25  Drone  
  15  0:36  Drone  
  15  0:37  Drone  
  17  0:45  Drone  
  18  0:55  Drone  
  19  1:06  Drone  
  20  1:15  Hatchery  
  20  1:17  Drone  
  20  1:23  Extractor  
  20  1:25  Spawning Pool  
  18  1:28  Drone  
  20  1:38  Drone  
  21  1:49  Overlord  
  21  1:53  Hatchery  
  20  2:02  Drone  
  20  2:04  Extractor  
  20  2:12  Queen  
  20  2:13  Zergling x2  
  23  2:26  Zergling x2  
  23  2:29  Zergling x2  
  25  2:30  Queen  
  25  2:36  Spine Crawler  
  26  2:47  Drone  
  26  2:48  Drone x2  
  29  2:55  Drone  
  29  2:56  Drone  
  31  3:02  Roach Warren  
  30  3:09  Evolution Chamber  
  30  3:12  Extractor  
  28  3:22  Queen  
  28  3:24  Queen  
  33  3:27  Drone x3  
  33  3:30  Drone  
  36  3:36  Zerg Missile Weapons Level 1  
  36  3:39  Drone x2  
  38  4:04  Overlord x3  
  38  4:08  Lair  
  38  4:15  Extractor  
  37  4:22  Roach  
  37  4:23  Roach x5  
  49  4:26  Roach  
  49  4:29  Roach  
  53  4:41  Queen  
  55  4:52  Drone x3  
  58  4:53  Overlord  
  58  4:54  Overlord  
  58  5:14  Drone  
  58  5:15  Drone x2  
  58  5:17  Drone x3  
  58  5:19  Drone x4  
  68  5:22  Extractor  
  67  5:32  Zerg Missile Weapons Level 2  
  67  5:33  Glial Reconstitution  
  67  5:36  Burrow  
  67  5:44  Spore Crawler  
  67  5:46  Drone x2  
  67  5:48  Drone  
  67  5:49  Drone x4  
  73  5:55  Drone, Overlord  
  74  5:57  Overlord  
  74  6:10  Overseer  
  74  6:18  Drone x4  
  77  6:24  Infestation Pit  
  77  6:30  Drone  
  77  6:31  Drone x7  
  85  6:33  Extractor  
  85  6:34  Extractor  
  85  6:39  Overlord x2  
  83  6:42  Ravager  
  83  6:43  Ravager x3  
  83  6:45  Hatchery  
  83  7:08  Roach x4  
  85  7:09  Roach x3  
  85  7:10  Overlord x3  
  85  7:11  Overlord  
  93  7:24  Hydralisk Den  
  93  7:25  Spore Crawler  
  93  7:26  Spore Crawler  
  93  7:27  Spore Crawler  
  93  7:29  Spore Crawler x2  
  87  7:39  Spore Crawler  
  87  7:43  Hydralisk Den, Spore Crawler  
  84  7:47  Spore Crawler  
  83  7:54  Muscular Augments  
  83  8:17  Queen  
  83  8:18  Hydralisk  
  83  8:19  Hydralisk x10  
  107  8:20  Hydralisk  
  109  8:30  Pathogen Glands  
  109  8:32  Zerg Ground Armor Level 1  
  110  8:41  Drone x3  
  110  8:42  Drone  
  110  8:48  Overlord x2  
  113  8:50  Drone  
  113  8:51  Drone  
  113  8:52  Drone  
  113  8:54  Drone  
  117  9:12  Infestor  
  117  9:13  Infestor x4  
  127  9:20  Lurker Den  
  127  9:26  Extractor  
  127  9:27  Spore Crawler, Extractor  
  119  9:53  Spore Crawler  
  118  10:00  Drone x5  
  118  10:01  Queen  
  118  10:02  Hydralisk x2  
  118  10:03  Hydralisk x4  
  115  10:22  Spore Crawler  
  115  10:23  Drone x8, Spore Crawler x2  
  116  10:45  Overlord  
  116  10:46  Overlord x5  
  116  10:59  Overlord x3  
  114  11:12  Overlord  
  114  11:13  Overlord x4  
  108  11:30  Hydralisk x6  
  99  11:40  Queen  
  101  11:51  Drone x11  
  112  11:58  Infestor x2  
  116  12:10  Roach  
  116  12:11  Roach x3  
Show
View Real Time Build Order
Export as new Build Order

GrEEnEr Protoss 

Build Orders: 1 Gate Expand 

Get SALT Encoding   

  12  0:01  Probe (Chrono Boost)  
  13  0:13  Pylon  
  13  0:18  Probe (Chrono Boost)  
  14  0:32  Gateway  
  14  0:36  Assimilator  
  14  0:40  Probe (Chrono Boost)  
  15  0:51  Probe (Chrono Boost)  
  16  1:02  Probe (Chrono Boost)  
  17  1:12  Probe (Chrono Boost)  
  18  1:26  Nexus  
  18  1:33  Probe (Chrono Boost)  
  19  1:42  Cybernetics Core  
  19  1:46  Probe (Chrono Boost)  
  20  2:00  Probe (Chrono Boost)  
  21  2:04  Assimilator  
  21  2:11  Probe (Chrono Boost)  
  21  2:13  Pylon  
  22  2:21  Probe (Chrono Boost)  
  23  2:29  Warp Gate (Chrono Boost)  
  22  2:32  Probe  
  22  2:33  Gateway  
  25  2:41  Stalker  
  25  2:43  Probe  
  25  2:44  Probe  
  27  2:54  Probe  
  27  2:56  Probe  
  29  3:02  Gateway  
  29  3:04  Probe  
  29  3:09  Probe  
  31  3:15  Probe  
  32  3:20  Stalker  
  32  3:22  Probe  
  32  3:25  Probe  
  35  3:27  Forge  
  36  3:34  Stalker  
  36  3:36  Probe  
  36  3:37  Probe  
  40  3:52  Robotics Facility  
  40  4:01  Protoss Ground Weapons Level 1 (Chrono Boost)  
  40  4:04  Assimilator  
  40  4:06  Pylon  
  40  4:27  Twilight Council, Probe, Nexus  
  40  4:28  Pylon  
  40  4:29  Probe  
  42  4:33  Zealot x3  
  48  4:40  Observer  
  49  4:47  Probe  
  49  4:48  Pylon, Probe  
  49  4:50  Assimilator  
  51  5:04  Pylon  
  51  5:06  Robotics Facility  
  51  5:09  Immortal  
  55  5:15  Probe  
  56  5:22  Blink (Chrono Boost)  
  56  5:24  Forge  
  56  5:25  Gateway  
  56  5:27  Gateway  
  56  5:30  Gateway  
  56  5:35  Protoss Ground Armor Level 1 (Chrono Boost)  
  56  5:45  Sentry x2  
  56  5:46  Sentry  
  62  6:00  Pylon  
  62  6:02  Robotics Bay  
  62  6:03  Probe  
  62  6:05  Probe x2  
  62  6:06  Photon Cannon  
  62  6:09  Photon Cannon  
  65  6:14  Probe  
  65  6:16  Observer  
  65  6:17  Probe  
  67  6:19  Protoss Ground Weapons Level 2 (Chrono Boost)  
  67  6:33  Stalker  
  67  6:34  Stalker x4  
  67  6:37  Probe  
  67  6:38  Probe x2  
  80  6:49  Immortal  
  80  6:53  Immortal  
  88  6:58  Assimilator  
  88  7:00  Assimilator, Probe  
  90  7:04  Mothership Core  
  91  7:28  Warp Prism  
  91  7:29  Probe  
  93  7:30  Probe x2  
  93  7:37  Gravitic Drive, Pylon  
  96  7:38  Pylon  
  96  7:39  Probe  
  96  7:42  Probe x2  
  99  7:51  Probe  
  99  7:54  Probe  
  99  7:57  Probe  
  102  8:00  Disruptor  
  102  8:02  Probe  
  106  8:06  Probe  
  106  8:08  Charge  
  106  8:09  Probe  
  106  8:10  Stalker x3  
  106  8:11  Stalker  
  116  8:20  Probe  
  116  8:22  Pylon  
  116  8:24  Pylon  
  117  8:29  Nexus  
  117  8:32  Pylon  
  117  8:34  Extended Thermal Lance  
  117  8:38  Probe  
  117  8:39  Colossus  
  124  8:44  Dark Shrine  
  124  8:53  Zealot x3  
  124  8:54  Zealot x3  
  136  9:00  Gateway  
  136  9:03  Gateway  
  136  9:05  Gateway  
  136  9:07  Warp Prism  
  124  9:34  Robotics Facility  
  117  10:00  Dark Templar x3  
  117  10:01  Dark Templar x6  
  60  10:35  Dark Templar x2  
  60  10:36  Dark Templar x3  
  60  10:37  Zealot x4  
  74  10:59  Nexus  
  74  11:01  Photon Cannon  
  68  11:08  Dark Templar x2  
  55  11:31  Stalker  
  55  11:32  Stalker x5  
  59  11:33  Stalker  
  34  12:06  Dark Templar x3  
  40  12:10  Archon  
  40  12:11  Zealot x2  
  40  12:12  Zealot  
  46  12:18  Zealot  
  48  12:24  Dark Templar  
  48  12:29  Archon  
  50  12:34  Dark Templar x4  
  58  12:38  Archon  
  58  12:39  Archon  
  58  12:48  Disruptor x2 (Chrono Boost)  
  58  12:50  Dark Templar x2, Disruptor (Chrono Boost)  
  58  12:51  Dark Templar x2  
  75  12:55  Archon x2  
  75  13:14  Dark Templar x5  
Tags
 
Add a new tag
Caveats
  • Supply blocks, unpowered buildings, or Contaminate may cause inaccurate times.
  • Supply counts are checked every 10 seconds.